 Dungeon Crawl Stone Soup version 0.25-a0-681-gdf4e720381 (console) character file.

Game seed: 15941834448563939226, levelgen mode: classic

10 Duffy the Skirmisher (level 2, 13/24 HPs)
             Began as a Demonspawn Fighter on Mar 30, 2020.
             Quit the game on level 1 of the Dungeon.
             The game lasted 00:00:39 (390 turns).

Duffy the Skirmisher (Demonspawn Fighter)            Turns: 390, Time: 00:00:40

Health: 13/24      AC:  7    Str: 16    XL:     2   Next: 10%
Magic:  2/2        EV:  6    Int:  9    God:
Gold:   30         SH:  8    Dex: 12    Spells: 1/1 levels left

rFire    . . .     SeeInvis .   a - +0 war axe
rCold    . . .     Gourm    .   c - +0 kite shield
rNeg     . . .     Faith    .   e - +0 scale mail
rPois    .         Spirit   .   (helmet restricted)
rElec    .         Reflect  .   (no cloak)
rCorr    .         Harm     .   i - +0 pair of gloves
MR       .....                  (no boots)
Stlth    ..........             (no amulet)
HPRegen  0.08/turn              (no ring)
MPRegen  0.08/turn              (no ring)

@: no status effects
A: antennae 1
a: no special abilities


You were on level 1 of the Dungeon.
You were not hungry.

You visited 1 branch of the dungeon, and saw 1 of its levels.

You collected 30 gold pieces.

Inventory:

Hand Weapons
 a - a +0 war axe (weapon)
 b - a +0 whip of distortion
Armour
 c - a +0 kite shield (worn)
 e - a +0 scale mail (worn)
 i - a +0 pair of gloves (worn)
Scrolls
 h - a scroll of teleportation {unknown}
Potions
 d - a potion of might
Comestibles
 f - 2 rations
 g - 2 chunks of flesh


   Skills:
 - Level 3.0 Fighting
 + Level 2.5 Axes
 - Level 2.6 Armour
 - Level 2.6 Shields


You had one spell level left.
You didn't know any spells.
Your spell library was empty.

Dungeon Overview and Level Annotations

Branches:
Dungeon (1/15)

Altars:


Innate Abilities, Weirdness & Mutations

You have a pair of small antennae on your head.


Message History

You block the bat's attack. The bat barely misses you.
You closely miss the bat. The bat hits you but does no damage.
The bat hits you. You block the bat's attack.
You closely miss the bat. The bat hits you. You block the bat's attack.
You swing at nothing.
The bat is too close now for your liking.
You closely miss the bat. The bat hits you but does no damage.
You block the bat's attack. The bat hits you but does no damage.
You barely miss the bat. You block the bat's attack. x2
The bat hits you but does no damage. x2
You barely miss the bat. The bat hits you but does no damage.
You hit the dart slug.
The dart slug is heavily wounded.
You block the dart slug's attack.
You slash the dart slug!
You kill the dart slug!
You have reached level 2!
Your demonic ancestry asserts itself...
A pair of antennae grows on your head!
Are you sure you want to abandon this character and quit the game? (Confirm with "yes".)

##...#.######.########
#.###.# #.........
#.#...##############.
#.#...#(.............
#.###.#.#############
#.###.#....#
#.#......###
#.##.##### #..@.#
######


There were no monsters in sight!

Vanquished Creatures
  A dart slug (D:1)
  A ball python (D:1)
  2 hobgoblins (D:1)
  2 bats (D:1)
  A frilled lizard (D:1)
  2 rats (D:1)
9 creatures vanquished.

Notes
Turn   | Place    | Note
-------+----------+-------------------------------------------
     0 | D:1      | Duffy the Demonspawn Fighter began the quest for the Orb.
     0 | D:1      | Reached XP level 1. HP: 18/18 MP: 1/1
   389 | D:1      | Gained mutation: You have a pair of small antennae on your
                  | head. [demonic ancestry]
   389 | D:1      | Reached XP level 2. HP: 13/24 MP: 2/2
   390 | D:1      | Quit the game

Levels and vault maps discovered:
D:1:      ncdulo_smallfort, layout_basic

Skill      XL: |  1 |
---------------+----+-----
Axes           | 2 |  2.5
Fighting       | |  3.0
Armour         | |  2.6
Shields        | |  2.6

Action                   || total
-------------------------++-------
Melee: War axe           ||    39
Armor: Scale mail        ||    27
Dodge: Dodged            ||    20
Block: Kite shield       ||    31

Table legend:
 A = Non-vault XP
 B = Vault XP
 C = Vault XP percentage of total XP
 D = Non-vault monster count
 E = Vault monster count
 F = Vault count percentage of total count
                 A         B        C        D         E       F
            +---------+---------+-------+---------+---------+-------
      Total |      15 |       0 |   0.0 |       9 |       0 |   0.0
            +---------+---------+-------+---------+---------+-------
        D:1 |      15 |       0 |   0.0 |       9 |       0 |   0.0
            +---------+---------+-------+---------+---------+-------
